 Dungeon Crawl Stone Soup version 0.30.1-3-gfc49f6343a (webtiles) character file.

Game seed: 10448550678300195766

405 CaptainMV the Poker (level 6, -1/44 HPs)
             Began as a Demonspawn Wanderer on July 24, 2023.
             Slain by a hound (4 damage)
             ... on level 5 of the Dungeon.
             The game lasted 00:24:12 (1996 turns).

CaptainMV the Poker (Demonspawn Wanderer)           Turns: 1996, Time: 00:24:12

Health: -1/44      AC:  5    Str: 11    XL:     6   Next: 56%
Magic:  7/7        EV: 11    Int: 13    God:
Gold:   183        SH:  0    Dex: 22    Spells: 6/7 levels left

rFire   . . .        a - +11 bardiche "Waerok" {venom, rElec rPois}
rCold   . . .        (shield currently unavailable)
rNeg    . . .        d - +1 robe
rPois   +            (helmet restricted)
rElec   +            (no cloak)
rCorr   .            f - +0 pair of gloves
SInv    +            g - +0 pair of boots
Will    .....        (no amulet)
Stlth   ++           k - ring of see invisible
HPRegen 0.27/turn    t - +6 ring of dexterity
MPRegen 0.10/turn

%: no passive effects
@: no status effects
A: antennae 1, spiny 1, demonic magic 1
a: no special abilities


You were on level 5 of the Dungeon.
You visited 1 branch of the dungeon, and saw 5 of its levels.

You collected 183 gold pieces.

Inventory:

Hand Weapons
 a - the +11 bardiche "Waerok" (weapon) {venom, rElec rPois}
   (You acquired it on level 2 of the Dungeon)

   rElec:     It insulates you from electricity.
   rPois:     It protects you from poison.
 b - a +1 sling
 j - a +3 spear
Missiles
 v - 2 poisoned darts (quivered)
Armour
 d - a +1 robe (worn)
 f - a +0 pair of gloves (worn)
 g - a +0 pair of boots (worn)
Jewellery
 e - an amulet of faith
 k - a ring of see invisible (left hand)
 t - a +6 ring of dexterity (right hand)
Wands
 o - a wand of iceblast (9)
Scrolls
 i - a scroll of amnesia
 p - 2 scrolls of teleportation
 u - a scroll of enchant armour
Potions
 c - a potion of haste
 h - a potion of lignification
 l - a potion of flight
 m - a potion of heal wounds {unknown}
 q - a potion of invisibility {unknown}
 r - a potion of berserk rage {unknown}
 s - a potion of brilliance {unknown}


   Skills:
 + Level 2.2 Fighting
 + Level 6.4 Polearms
 + Level 0.1 Ranged Weapons
 + Level 1.0 Throwing
 + Level 0.5 Dodging
 + Level 2.3 Stealth
 + Level 1.1 Spellcasting
 + Level 1.9 Translocations
 + Level 0.1 Evocations


You had 6 spell levels left.
You knew the following spells:

 Your Spells              Type           Power      Damage    Failure   Level
a - Apportation           Tloc           10%        N/A       13%         1

Your spell library contained the following spells:

 Spells                   Type           Power      Damage    Failure   Level
 Gell's Gravitas          Tloc           5%         N/A       36%         3


Dungeon Overview and Level Annotations

Branches:
Dungeon (5/15)
 Temple: D:4-7

Altars:
Dithmenos
Kikubaaqudgha
Uskayaw
Wu Jian
Yredelemnul


Innate Abilities, Weirdness & Mutations

You have a pair of small antennae on your head.
You are partially covered in sharp spines.
Spells you cast may paralyse adjacent enemies.


Message History

The gnoll is severely wounded.
The gnoll is struck by your spines. The gnoll barely misses you. x2
The gnoll sergeant hits you but does no damage.
The gnoll is struck by your spines.
You kill the gnoll!
The gnoll completely misses you.
The gnoll sergeant hits you from afar with a +0 spear!
* * * LOW HITPOINT WARNING * * *
Okay, then.
Reach: a) +11 bardiche "Waerok" {venom, rElec rPois}
Press: ? - help, Dir - move target, f - gnoll sergeant, p - gnoll
Aim: a gnoll sergeant, wielding a +0 spear and wearing a +0 scale mail (severely wounded, about 25% to evade the +11 bardiche "Waerok")
Okay, then.
Aiming: Iceblast
Press: ? - help, Q - select action, (/) - cycle Shift-Dir - straight line, f/p - gnoll
Aim: a gnoll, wielding a +0 spear (severely wounded)
The mass of ice explodes!
The iceblast engulfs the gnoll!
You kill the gnoll!
The iceblast engulfs the gnoll sergeant!
You kill the gnoll sergeant!
The iceblast engulfs the gnoll!!
You kill the gnoll!
You hear a bark!
You start resting.
A hound comes into view.
The +11 bardiche "Waerok" {venom, rElec rPois} stops dripping with poison.
b - a +1 sling (weapon)
Fire: b) +1 sling
Press: ? - help, Q - select action, (/) - cycle Shift-Dir - straight line, f - hound
Aim: a hound (53% to hit)
You shoot a sling bullet.
The sling bullet closely misses the hound.
The +11 bardiche "Waerok" {venom, rElec rPois} begins to drip with poison!
a - the +11 bardiche "Waerok" (weapon)
{venom, rElec rPois} You closely miss the hound.
The hound bites you.
* * * LOW HITPOINT WARNING * * *
The hound bites you.
* * * LOW HITPOINT WARNING * * *
The hound bites you.
You die...

..# ####.# #.##### #.#
## ...... .......
#.... .#.#.###.#..
......# ...... ..#.#
.#.#.# # .#.#.# #.#.#
....#.#
.#.#.###.#.#####))...#
.#.#.##....##.##.#)###
................@)..<#
.........#.##..h.)..##
......####......###.#
....<.# ###..#.# .#
....#.# #...... #
.##.#.# #.##..##
.##.#.# #. #<..
.##.#.# .. ...##
.......


You could see a hound.

Vanquished Creatures
  A gnoll sergeant (D:5)
  A scorpion (D:4)
  A gnoll bouda (D:4)
  An iguana (D:4)
  An orc wizard (D:4)
  2 adders (D:2)
  12 gnolls
  A worm (D:2)
  3 dart slugs
  8 orcs
  3 endoplasms
  A giant cockroach (D:1)
  7 goblins
  7 hobgoblins
  2 jackals (D:2)
  A quokka (D:4)
  A ball python (D:2)
  5 bats
  A frilled lizard (D:1)
  4 kobolds
  4 rats
67 creatures vanquished.

Notes
Turn   | Place    | Note
-------+----------+-------------------------------------------
     0 | D:1      | CaptainMV the Demonspawn Wanderer began the quest for the
                  | Orb.
     0 | D:1      | CaptainMV set off with the following items: a +2 spear, a
                  | +0 pair of gloves, a potion of haste, a +0 robe; and the
                  | following spell memorised: Apportation; and the following
                  | spells available to memorise: Gell's Gravitas.
     0 | D:1      | Reached XP level 1. HP: 15/15 MP: 2/2
   517 | D:2      | Gained mutation: You are partially covered in sharp spines.
                  | [demonic ancestry]
   517 | D:2      | Reached XP level 2. HP: 18/21 MP: 3/3
   554 | D:2      | Reached skill level 4 in Polearms
   569 | D:2      | Identified a scroll of acquirement
   569 | D:2      | Acquired the +11 bardiche "Waerok" {venom, rElec rPois}
   631 | D:2      | Gained mutation: You have a pair of small antennae on your
                  | head. [demonic ancestry]
   631 | D:2      | Reached XP level 3. HP: 26/26 MP: 4/4
  1019 | D:3      | Found a faded altar of an unknown god.
  1048 | D:3      | Found a shadowy altar of Dithmenos.
  1109 | D:3      | Reached XP level 4. HP: 20/32 MP: 5/5
  1152 | D:3      | Found an ornate altar of the Wu Jian Council.
  1300 | D:3      | Reached skill level 5 in Polearms
  1479 | D:4      | Noticed a scorpion
  1485 | D:4      | Killed a scorpion
  1486 | D:4      | Gained mutation: Spells you cast may paralyse adjacent
                  | enemies. [demonic ancestry]
  1486 | D:4      | Reached XP level 5. HP: 38/38 MP: 6/6
  1631 | D:4      | Found an ancient bone altar of Kikubaaqudgha.
  1652 | D:4      | Reached XP level 6. HP: 11/44 MP: 7/7
  1809 | D:4      | Reached skill level 6 in Polearms
  1856 | D:4      | Found a hide-covered altar of Uskayaw.
  1925 | D:5      | Entered Level 5 of the Dungeon
  1932 | D:5      | Found a basalt altar of Yredelemnul.
  1996 | D:5      | Slain by a hound

Illustrated notes

Levels and vault maps discovered:
D:1:      lemuel_arrival_funnel, layout_basic, minivault_25
D:2:      layout_loops_ring, corexii_corridor_pit
D:3:      layout_rooms, mainiacjoe_overflow_tiny_flanked,
          mainiacjoe_overflow_concentric_impassable,
          shapermc_ecumenical_altar_hornbeckon
D:4:      layout_loops_ring, overflow_temple_1_default,
          mainiacjoe_overflow_small_starburst, kennysheep_mini,
          hangedman_abyss_or_decor_passed
D:5:      layout_basic, overflow_temple_1_default,
          nicolae_gozag_cash_rules_everything_around_me, gup_sewer_entry_pipe,
          uniq_edmund

Skill      XL: |  1  2  3  4  5  6 |
---------------+-------------------+-----
Polearms       | 4 5 6 |  6.4
Stealth        | 2 |  2.3
Fighting       | 2 |  2.2
Ranged Weapons | |  0.1
Throwing       | |  1.0
Dodging        | |  0.5
Spellcasting   | |  1.1
Translocations | |  1.9
Evocations     | |  0.1

Action                     |  1- 3 |  4- 6 || total
---------------------------+-------+-------++-------
  Melee: Spear             |    43 |       ||    43
         Bardiche          |    35 |    38 ||    73
   Fire: Sling             |       |     3 ||     3
   Cast: Apportation       |     2 |     2 ||     4
  Evoke: Wand              |       |     3 ||     3
    Use: Scroll            |     4 |     4 ||     8
         Potion            |       |     4 ||     4
   Stab: Sleeping          |     5 |     2 ||     7
 Armour: Robe              |    21 |     3 ||    24
         Skin              |       |     3 ||     3
  Dodge: Dodged            |    32 |    35 ||    67
